[Event "V Muhamedzjanov Memorial"]
[Site "Naberezhnye Chelny"]
[Date "2008.06.11"]
[Round "1"]
[White "Solodovnichenko, Yuri"]
[Black "Komliakov, Viktor"]
[Result "1/2-1/2"]
[ECO "B07"]
[WhiteElo "2537"]
[BlackElo "2444"]
[PlyCount "65"]
[TimeControl "180"]

{48MB, Shredder9.ctg, COMPUTER} 1. e4 d6 2. d4 Nf6 3. Nc3 e5 4. dxe5 dxe5 5.
Qxd8+ Kxd8 6. Bg5 Be6 7. O-O-O+ Kc8 8. f4 exf4 9. Nge2 Bb4 10. a3 Bxc3 11. Nxc3
Ng4 12. Nd5 Nd7 13. Ne7+ Kd8 14. Nf5+ f6 15. Nxg7 fxg5 16. Nxe6+ Ke7 17. Nxc7
Nf2 18. Nxa8 Nxd1 19. Kxd1 Rxa8 20. Bc4 Kd6 21. Ke2 Ke5 22. Bd5 Nf6 23. g3 Rc8
24. gxf4+ gxf4 25. c3 Rc7 26. Kf3 Rg7 27. c4 h5 28. c5 Nh7 29. b4 Ng5+ 30. Kf2
Nh3+ 31. Kf3 Ng5+ 32. Kf2 Nh3+ 33. Kf3 1/2-1/2

[Event "V Muhamedzjanov Memorial"]
[Site "Naberezhnye Chelny"]
[Date "2008.06.11"]
[Round "1"]
[White "Potapov, Pavel"]
[Black "Ponkratov, Pavel"]
[Result "1/2-1/2"]
[ECO "B22"]
[WhiteElo "2439"]
[BlackElo "2499"]
[PlyCount "78"]
[TimeControl "180"]

{48MB, Shredder9.ctg, COMPUTER} 1. e4 c5 2. c3 e6 3. d4 d5 4. exd5 exd5 5. Nf3
Nc6 6. Be2 Nf6 7. O-O Be7 8. dxc5 Bxc5 9. Bg5 Be6 10. Nbd2 h6 11. Bh4 g5 12.
Bg3 Ne4 13. Nb3 Bb6 14. Nfd4 Qf6 15. Bh5 O-O 16. a4 a6 17. a5 Ba7 18. Ra4 Rad8
19. Bg4 Ne5 20. Be2 Rfe8 21. Qc2 Bc8 22. Raa1 h5 23. Rae1 h4 24. Bxe5 Rxe5 25.
Bf3 Rde8 26. Qd1 Qf4 27. g3 Qf6 28. Bg4 Bxg4 29. Qxg4 Qg6 30. Qd1 g4 31. Re3 f5
32. Rfe1 Qh6 33. Nc1 Rf8 34. Nd3 Re7 35. Qb3 hxg3 36. Qxd5+ Kh8 37. hxg3 Bxd4
38. Qxd4+ Kg8 39. Qd5+ Kh8 1/2-1/2

[Event "V Muhamedzjanov Memorial"]
[Site "Naberezhnye Chelny"]
[Date "2008.06.11"]
[Round "1"]
[White "Markosian, David"]
[Black "Dimukhametov, Artur"]
[Result "1/2-1/2"]
[ECO "A30"]
[WhiteElo "2501"]
[BlackElo "2295"]
[PlyCount "32"]
[TimeControl "180"]

{48MB, Shredder9.ctg, COMPUTER} 1. Nf3 c5 2. c4 e6 3. Nc3 Nf6 4. g3 b6 5. Bg2
Bb7 6. O-O Be7 7. d4 cxd4 8. Qxd4 d6 9. b3 a6 10. Ba3 O-O 11. Rfd1 Ne8 12. Ne4
Nc6 13. Qd2 Qc7 14. Qf4 Rd8 15. Nc3 Nf6 16. Rac1 Qb8 1/2-1/2

[Event "V Muhamedzjanov Memorial"]
[Site "Naberezhnye Chelny"]
[Date "2008.06.12"]
[Round "2"]
[White "Solodovnichenko, Yuri"]
[Black "Potapov, Pavel"]
[Result "1-0"]
[ECO "C51"]
[WhiteElo "2537"]
[BlackElo "2439"]
[PlyCount "43"]
[TimeControl "180"]

{48MB, Shredder9.ctg, COMPUTER} 1. e4 e5 2. Nf3 Nc6 3. Bc4 Bc5 4. b4 Bxb4 5. c3
Bd6 6. d4 exd4 7. cxd4 Bb4+ 8. Kf1 b5 9. Bd5 Qe7 10. a4 Ba6 11. Kg1 Rb8 12. Qc2
Nd8 13. axb5 Bxb5 14. Qxc7 Bd6 15. Qxa7 Nc6 16. Bxc6 Bxc6 17. d5 Bb5 18. Ba3
Rd8 19. e5 Bxa3 20. Nxa3 Be2 21. d6 Qe6 22. Nd4 1-0

[Event "V Muhamedzjanov Memorial"]
[Site "Naberezhnye Chelny"]
[Date "2008.06.12"]
[Round "2"]
[White "Ponkratov, Pavel"]
[Black "Markosian, David"]
[Result "1/2-1/2"]
[ECO "B07"]
[WhiteElo "2499"]
[BlackElo "2501"]
[PlyCount "91"]
[TimeControl "180"]

{48MB, Shredder9.ctg, COMPUTER} 1. e4 d6 2. d4 Nf6 3. f3 e5 4. dxe5 dxe5 5.
Qxd8+ Kxd8 6. Bc4 Ke8 7. Ne2 Nbd7 8. Bd2 a5 9. Nc1 Bd6 10. Bc3 Ke7 11. Nd3 Nb6
12. Nd2 Nfd7 13. f4 f6 14. fxe5 Nxe5 15. Nxe5 Bxe5 16. Bxe5 fxe5 17. Rf1 Rf8
18. Rxf8 Kxf8 19. O-O-O Ke7 20. Rf1 Be6 21. Bxe6 Kxe6 22. Nf3 h6 23. Nh4 Nd7
24. Nf5 Rg8 25. Kd2 Nf6 26. Ng3 g6 27. h3 h5 28. Ke3 Rd8 29. Ne2 Rd6 30. Nc3
Rd4 31. Rf3 Rd7 32. Rg3 Rg7 33. Nb1 h4 34. Rf3 Nh5 35. Nd2 Nf4 36. g3 hxg3 37.
Rxg3 Rh7 38. Nf3 Kf6 39. h4 Ne6 40. Rg2 Nd4 41. Nxe5 Kxe5 42. Rg5+ Nf5+ 43.
exf5 gxf5 44. h5 b5 45. Kf3 b4 46. Ke3 1/2-1/2

[Event "V Muhamedzjanov Memorial"]
[Site "Naberezhnye Chelny"]
[Date "2008.06.12"]
[Round "2"]
[White "Komliakov, Viktor"]
[Black "Dimukhametov, Artur"]
[Result "1/2-1/2"]
[ECO "C44"]
[WhiteElo "2444"]
[BlackElo "2295"]
[PlyCount "26"]
[TimeControl "180"]

{48MB, Shredder9.ctg, COMPUTER} 1. e4 e5 2. Nf3 Nf6 3. d3 Nc6 4. c3 d5 5. Qa4
Bd6 6. Be2 Be6 7. O-O Qd7 8. Nbd2 O-O 9. Qc2 Rfe8 10. Re1 Bc5 11. Ng5 Bg4 12.
exd5 Bxe2 13. Rxe2 Qxd5 1/2-1/2

[Event "V Muhamedzjanov Memorial"]
[Site "Naberezhnye Chelny"]
[Date "2008.06.12"]
[Round "3"]
[White "Potapov, Pavel"]
[Black "Komliakov, Viktor"]
[Result "1/2-1/2"]
[ECO "C67"]
[WhiteElo "2439"]
[BlackElo "2444"]
[PlyCount "24"]
[TimeControl "180"]

{48MB, Shredder9.ctg, COMPUTER} 1. e4 e5 2. Nf3 Nc6 3. Bb5 Nf6 4. O-O Nxe4 5.
d4 Nd6 6. Bxc6 dxc6 7. dxe5 Nf5 8. Qxd8+ Kxd8 9. Nc3 h6 10. Rd1+ Ke8 11. b3 Be6
12. Bb2 Rd8 1/2-1/2

[Event "V Muhamedzjanov Memorial"]
[Site "Naberezhnye Chelny"]
[Date "2008.06.12"]
[Round "3"]
[White "Dimukhametov, Artur"]
[Black "Ponkratov, Pavel"]
[Result "0-1"]
[ECO "A50"]
[WhiteElo "2295"]
[BlackElo "2499"]
[PlyCount "36"]
[TimeControl "180"]

{48MB, Shredder9.ctg, COMPUTER} 1. d4 Nf6 2. c4 a6 3. Nc3 c5 4. d5 b5 5. a4 b4
6. Nb1 e6 7. g3 Bb7 8. Bg2 exd5 9. cxd5 g6 10. e4 Qe7 11. Qe2 Bg7 12. Bf4 Nh5
13. Bxb8 Rxb8 14. Bf3 O-O 15. Nh3 Rbe8 16. g4 Nf6 17. Nd2 Bxd5 18. exd5 Qd8 0-1

[Event "V Muhamedzjanov Memorial"]
[Site "Naberezhnye Chelny"]
[Date "2008.06.12"]
[Round "3"]
[White "Markosian, David"]
[Black "Solodovnichenko, Yuri"]
[Result "0-1"]
[ECO "A30"]
[WhiteElo "2501"]
[BlackElo "2537"]
[PlyCount "102"]
[TimeControl "180"]

{48MB, Shredder9.ctg, COMPUTER} 1. Nf3 Nf6 2. c4 c5 3. g3 b6 4. Bg2 Bb7 5. O-O
e6 6. Nc3 Be7 7. d4 cxd4 8. Qxd4 d6 9. b3 O-O 10. Ba3 Na6 11. Rfd1 Nc5 12. Qe3
a6 13. h3 Qc7 14. Nd4 Bxg2 15. Kxg2 Rfe8 16. Qf3 Bf8 17. Kg1 Rac8 18. Bb2 Ncd7
19. Rac1 g6 20. Qg2 h5 21. e3 Nc5 22. Nf3 Bg7 23. Ng5 Nh7 24. Nxh7 Kxh7 25. Ba3
Red8 26. Qf3 Kg8 27. Kg2 Qb8 28. g4 hxg4 29. hxg4 Qc7 30. Ne4 Nxe4 31. Qxe4 Qb8
32. Bb4 a5 33. Be1 Rc5 34. f3 Qc8 35. Qb1 Qc6 36. Bg3 f5 37. gxf5 Rxf5 38. e4
Rg5 39. f4 Rh5 40. Rh1 Kf7 41. Qd3 Rdh8 42. Rxh5 gxh5 43. Rd1 h4 44. Bh2 h3+
45. Kf3 Ke7 46. Rg1 Bf6 47. Rg3 Qc5 48. Ke2 Bh4 49. Rf3 Rg8 50. Rxh3 Qf2+ 51.
Kd1 Qe1+ 0-1

[Event "V Muhamedzjanov Memorial"]
[Site "Naberezhnye Chelny"]
[Date "2008.06.13"]
[Round "4"]
[White "Solodovnichenko, Yuri"]
[Black "Dimukhametov, Artur"]
[Result "1-0"]
[ECO "C43"]
[WhiteElo "2537"]
[BlackElo "2295"]
[PlyCount "75"]
[TimeControl "180"]

{37MB, fritz9.ctg, COMPUTER} 1. e4 e5 2. Nf3 Nf6 3. d4 Nxe4 4. dxe5 d5 5. Nbd2
Nxd2 6. Qxd2 g6 7. b3 Be6 8. h4 h6 9. Nd4 Bg7 10. f4 Qe7 11. Nxe6 Qxe6 12. Ba3
Nc6 13. O-O-O O-O-O 14. g3 Kb8 15. Bh3 f5 16. Bg2 d4 17. Qf2 Bf8 18. Bxf8 Rhxf8
19. Rd2 d3 20. c3 Na5 21. Rhd1 Qa6 22. Kb1 Qb5 23. Qf3 Nc6 24. Rxd3 Qb6 25. Qe2
Rxd3 26. Qxd3 a6 27. Bxc6 Qxc6 28. Kb2 Kc8 29. Rd2 h5 30. Qd4 b6 31. c4 Re8 32.
Qd5 Kb7 33. b4 b5 34. Kc3 Re6 35. a4 bxa4 36. Ra2 a5 37. bxa5 Ka6 38. Rxa4 1-0

[Event "V Muhamedzjanov Memorial"]
[Site "Naberezhnye Chelny"]
[Date "2008.06.13"]
[Round "4"]
[White "Potapov, Pavel"]
[Black "Markosian, David"]
[Result "1/2-1/2"]
[ECO "B06"]
[WhiteElo "2439"]
[BlackElo "2501"]
[PlyCount "55"]
[TimeControl "180"]

{37MB, fritz9.ctg, COMPUTER} 1. e4 g6 2. Nc3 d6 3. d4 Bg7 4. g3 Nc6 5. Be3 Nf6
6. h3 e5 7. d5 Ne7 8. Qd2 Bd7 9. O-O-O O-O 10. f3 Nh5 11. Nge2 f5 12. Rg1 Nf6
13. Bg2 b5 14. Rde1 a5 15. Bg5 b4 16. Nd1 c6 17. Ne3 cxd5 18. exd5 h6 19. Bxf6
Bxf6 20. f4 e4 21. Nd4 Rc8 22. Rd1 Rc5 23. Nb3 Rc8 24. Nd4 Rc5 25. g4 Kh8 26.
Nb3 Rc8 27. Nd4 Rc5 28. Nb3 1/2-1/2

[Event "V Muhamedzjanov Memorial"]
[Site "Naberezhnye Chelny"]
[Date "2008.06.13"]
[Round "4"]
[White "Komliakov, Viktor"]
[Black "Ponkratov, Pavel"]
[Result "0-1"]
[ECO "B01"]
[WhiteElo "2444"]
[BlackElo "2499"]
[PlyCount "86"]
[TimeControl "180"]

{37MB, fritz9.ctg, COMPUTER} 1. e4 d5 2. exd5 Qxd5 3. Nc3 Qd6 4. d4 Nf6 5. Nf3
c6 6. Ne5 Nbd7 7. Nc4 Qc7 8. Qf3 Nb6 9. Ne5 Be6 10. Bf4 Nbd5 11. Nxd5 Bxd5 12.
Qe2 Qa5+ 13. c3 O-O-O 14. a4 Be6 15. g3 Qd5 16. Rg1 Qe4 17. Be3 Nd5 18. Bg2 Qf5
19. a5 Rd6 20. Nc4 Rd7 21. a6 b5 22. Ne5 Rc7 23. Bc1 h5 24. Nxc6 Rxc6 25. Qxb5
Kc7 26. Qb7+ Kd6 27. b3 Rc7 28. Qb5 Bd7 29. Ba3+ Ke6 30. Qe2+ Kf6 31. c4 e6 32.
Bxf8 Rxf8 33. cxd5 exd5 34. Qe5+ Qxe5+ 35. dxe5+ Kxe5 36. Kd2 Rb8 37. Rge1+ Kd6
38. Re3 Rbc8 39. Rd3 Rc2+ 40. Ke1 Re8+ 41. Kd1 Rxf2 42. Ra5 Bg4+ 43. Kc1 Re1+
0-1

[Event "V Muhamedzjanov Memorial"]
[Site "Naberezhnye Chelny"]
[Date "2008.06.15"]
[Round "5"]
[White "Dimukhametov, Artur"]
[Black "Potapov, Pavel"]
[Result "0-1"]
[ECO "D09"]
[WhiteElo "2295"]
[BlackElo "2439"]
[PlyCount "58"]
[TimeControl "180"]

{48MB, Shredder9.ctg, COMPUTER} 1. d4 d5 2. c4 e5 3. dxe5 d4 4. Nf3 Nc6 5. g3
Nge7 6. Bg2 Ng6 7. Bf4 h6 8. O-O Nxf4 9. gxf4 g5 10. Qd3 gxf4 11. Rd1 Bg7 12.
Qe4 Qe7 13. Qxf4 Nxe5 14. Nxd4 Ng6 15. Qd2 O-O 16. Nc3 c6 17. Ne4 f5 18. Nc3 f4
19. Nf3 Be6 20. Qd6 Qf7 21. Rac1 Bxc4 22. b3 Be6 23. Ne4 Bf5 24. Nd4 Rad8 25.
Qc5 Bxd4 26. Rxd4 Nh4 27. Rxd8 Rxd8 28. Qe5 Qg6 29. Nf6+ Kf7 0-1

[Event "V Muhamedzjanov Memorial"]
[Site "Naberezhnye Chelny"]
[Date "2008.06.15"]
[Round "5"]
[White "Ponkratov, Pavel"]
[Black "Solodovnichenko, Yuri"]
[Result "0-1"]
[ECO "B84"]
[WhiteElo "2499"]
[BlackElo "2537"]
[PlyCount "58"]
[TimeControl "180"]

{48MB, Shredder9.ctg, COMPUTER} 1. e4 c5 2. Nf3 d6 3. d4 Nf6 4. Nc3 cxd4 5.
Nxd4 a6 6. Be3 e6 7. f4 Qc7 8. Be2 b5 9. a3 Bb7 10. Bf3 Nbd7 11. O-O Be7 12.
Qe1 O-O 13. Rd1 Rfe8 14. Bc1 Rad8 15. g4 e5 16. Nf5 exf4 17. Bxf4 Nc5 18. Nd5
Nxd5 19. exd5 Bf6 20. Qg3 Ne4 21. Bxe4 Rxe4 22. Qd3 Rde8 23. c3 Qc5+ 24. Kh1
Bd4 25. Qxd4 Rxd4 26. Rxd4 Bxd5+ 27. Kg1 Ba8 28. Ne3 h5 29. gxh5 Rxe3 0-1

[Event "V Muhamedzjanov Memorial"]
[Site "Naberezhnye Chelny"]
[Date "2008.06.15"]
[Round "6"]
[White "Dimukhametov, Artur"]
[Black "Markosian, David"]
[Result "1/2-1/2"]
[ECO "A04"]
[WhiteElo "2295"]
[BlackElo "2501"]
[PlyCount "29"]
[TimeControl "180"]

{48MB, Shredder9.ctg, COMPUTER} 1. Nf3 d6 2. c4 g6 3. e3 Bg7 4. Nc3 Nf6 5. b3
O-O 6. Bb2 e5 7. Be2 Nbd7 8. Qc2 Re8 9. d4 c6 10. h3 h5 11. O-O-O Qe7 12. Rhg1
Nf8 13. Ba3 e4 14. Nd2 N8h7 15. g4 1/2-1/2

[Event "V Muhamedzjanov Memorial"]
[Site "Naberezhnye Chelny"]
[Date "2008.06.15"]
[Round "6"]
[White "Komliakov, Viktor"]
[Black "Solodovnichenko, Yuri"]
[Result "1/2-1/2"]
[ECO "B51"]
[WhiteElo "2444"]
[BlackElo "2537"]
[PlyCount "33"]
[TimeControl "180"]

{48MB, Shredder9.ctg, COMPUTER} 1. e4 c5 2. Nf3 d6 3. Bb5+ Nd7 4. O-O Ngf6 5.
Re1 a6 6. Bf1 b6 7. c3 Bb7 8. d3 e5 9. c4 Be7 10. Nc3 O-O 11. g3 Re8 12. Nh4
Nf8 13. Nf5 Ne6 14. Nxe7+ Qxe7 15. f4 Nd4 16. Bg2 b5 17. f5 1/2-1/2

[Event "V Muhamedzjanov Memorial"]
[Site "Naberezhnye Chelny"]
[Date "2008.06.15"]
[Round "6"]
[White "Ponkratov, Pavel"]
[Black "Potapov, Pavel"]
[Result "1/2-1/2"]
[ECO "B32"]
[WhiteElo "2499"]
[BlackElo "2439"]
[PlyCount "99"]
[TimeControl "180"]

{48MB, Shredder9.ctg, COMPUTER} 1. e4 c5 2. Nf3 Nc6 3. d4 cxd4 4. Nxd4 e5 5.
Nb5 d6 6. N1c3 a6 7. Na3 Be7 8. Nd5 Nf6 9. Nxe7 Nxe7 10. f3 O-O 11. Bg5 Ne8 12.
Nc4 Be6 13. Qd2 Rc8 14. Ne3 f6 15. Bh4 d5 16. exd5 Nxd5 17. Nxd5 Qxd5 18. Qxd5
Bxd5 19. c3 Nc7 20. Bf2 Ne6 21. Be3 Rfd8 22. Be2 Kf7 23. Kf2 Bc4 24. Bxc4 Rxc4
25. Rhd1 Rcc8 26. Ke2 Ke7 27. Rxd8 Rxd8 28. a4 Nc7 29. Bc5+ Kf7 30. Ra3 Rd7 31.
Rb3 Ne6 32. Be3 f5 33. g4 g6 34. gxf5 gxf5 35. Rb6 f4 36. Bf2 Kf6 37. b4 Kf5
38. h4 Rc7 39. Kd3 Rd7+ 40. Ke2 Rc7 41. Be1 Rd7 42. a5 Ng7 43. c4 Nh5 44. c5
Ng3+ 45. Kf2 e4 46. fxe4+ Nxe4+ 47. Ke2 Kg4 48. c6 bxc6 49. Rxc6 Ng3+ 50. Kf2
1/2-1/2

[Event "V Muhamedzjanov Memorial"]
[Site "Naberezhnye Chelny"]
[Date "2008.06.16"]
[Round "7"]
[White "Dimukhametov, Artur"]
[Black "Komliakov, Viktor"]
[Result "1/2-1/2"]
[ECO "A20"]
[WhiteElo "2295"]
[BlackElo "2444"]
[PlyCount "69"]
[TimeControl "180"]

{48MB, Shredder9.ctg, COMPUTER} 1. c4 e5 2. a3 c5 3. b3 Nf6 4. Bb2 Nc6 5. e3
Be7 6. Qc2 O-O 7. Nf3 d6 8. d3 Ne8 9. Nbd2 f5 10. Be2 Bf6 11. O-O Qe7 12. Rab1
Nc7 13. Bc3 a5 14. Rfc1 Na6 15. Ne1 b6 16. Bf3 Bb7 17. Qb2 Kh8 18. Nc2 Ncb4 19.
Be2 d5 20. cxd5 Nxd5 21. Nc4 Nxc3 22. Qxc3 Qe6 23. b4 cxb4 24. axb4 a4 25. b5
Nc5 26. Nb4 Nb3 27. Rd1 Rfc8 28. Qc2 Na5 29. Qa2 Nxc4 30. dxc4 e4 31. Nd5 Be5
32. Rd2 Rd8 33. Rbd1 Bxd5 34. Rxd5 Rxd5 35. Rxd5 1/2-1/2

[Event "V Muhamedzjanov Memorial"]
[Site "Naberezhnye Chelny"]
[Date "2008.06.16"]
[Round "7"]
[White "Potapov, Pavel"]
[Black "Solodovnichenko, Yuri"]
[Result "1/2-1/2"]
[ECO "B22"]
[WhiteElo "2439"]
[BlackElo "2537"]
[PlyCount "79"]
[TimeControl "180"]

{48MB, Shredder9.ctg, COMPUTER} 1. e4 c5 2. c3 Nf6 3. e5 Nd5 4. Nf3 Nc6 5. Bc4
e6 6. d4 cxd4 7. cxd4 d6 8. O-O Be7 9. Qe2 O-O 10. Re1 Qb6 11. Qe4 dxe5 12.
dxe5 Bc5 13. Re2 f5 14. exf6 Nxf6 15. Qh4 Rd8 16. Rd2 Nd4 17. Nxd4 Rxd4 18.
Rxd4 Bxd4 19. Bb3 a5 20. Nc3 Bd7 21. Ne2 Bc5 22. Bg5 a4 23. Bxf6 axb3 24. Qg5
Bf8 25. a3 Qb5 26. Nd4 Qd3 27. Nf3 h6 28. Qg3 Rc8 29. Re1 Bc6 30. Be5 Bd5 31.
Nd4 Qd2 32. Qe3 Qxb2 33. Nxe6 Qxa3 34. Bxg7 Qe7 35. Bxf8 Qxe6 36. Qg3+ Kxf8 37.
Qf4+ Qf7 38. Qxh6+ Kg8 39. Qg5+ Kf8 40. Qh6+ 1/2-1/2

[Event "V Muhamedzjanov Memorial"]
[Site "Naberezhnye Chelny"]
[Date "2008.06.16"]
[Round "7"]
[White "Markosian, David"]
[Black "Ponkratov, Pavel"]
[Result "1/2-1/2"]
[ECO "A30"]
[WhiteElo "2501"]
[BlackElo "2499"]
[PlyCount "78"]
[TimeControl "180"]

{48MB, Shredder9.ctg, COMPUTER} 1. Nf3 Nf6 2. c4 c5 3. g3 Nc6 4. Bg2 d5 5. cxd5
Nxd5 6. d4 cxd4 7. Nxd4 Ndb4 8. Nxc6 Qxd1+ 9. Kxd1 Nxc6 10. Bxc6+ bxc6 11. Be3
Bf5 12. Nd2 g6 13. Rc1 Bg7 14. Nc4 O-O 15. f3 a5 16. Ke1 a4 17. Kf2 Rab8 18.
Rhd1 Bxb2 19. Nxb2 Rxb2 20. a3 Ra2 21. Bc5 f6 22. Rd4 Rb8 23. g4 Be6 24. Rxa4
Rbb2 25. Re4 Kf7 26. Bb4 Rc2 27. Rxc2 Rxc2 28. Re3 c5 29. Rc3 cxb4 30. Rxc2
bxa3 31. Rc3 a2 32. Ra3 Bc4 33. Ke3 g5 34. f4 gxf4+ 35. Kxf4 Kg6 36. h4 e5+ 37.
Kf3 Bd5+ 38. e4 Be6 39. Ra7 h5 1/2-1/2

[Event "V Muhamedzjanov Memorial"]
[Site "Naberezhnye Chelny"]
[Date "2008.06.16"]
[Round "8"]
[White "Ponkratov, Pavel"]
[Black "Dimukhametov, Artur"]
[Result "1-0"]
[ECO "B76"]
[WhiteElo "2499"]
[BlackElo "2295"]
[PlyCount "93"]
[TimeControl "180"]

{48MB, Shredder9.ctg, COMPUTER} 1. e4 c5 2. Nf3 Nc6 3. d4 cxd4 4. Nxd4 g6 5.
Nc3 Bg7 6. Be3 d6 7. Qd2 Nf6 8. f3 O-O 9. O-O-O d5 10. Qe1 e5 11. Nxc6 bxc6 12.
exd5 cxd5 13. Bg5 Be6 14. Bc4 Qc7 15. Bxf6 dxc4 16. Bxg7 Kxg7 17. h4 Qa5 18. h5
Rab8 19. hxg6 hxg6 20. Qe3 Rh8 21. Rxh8 Rxh8 22. g4 Rh2 23. a3 Qc7 24. Nb5 Qb8
25. Nxa7 f6 26. Nc6 Qc7 27. Qc5 Bf7 28. g5 fxg5 29. Rd8 Be8 30. Qxe5+ Qxe5 31.
Nxe5 Ba4 32. b3 cxb3 33. cxb3 Bxb3 34. Rd7+ Kg8 35. Rd6 Bc2 36. Nxg6 Bxg6 37.
Rxg6+ Kf7 38. Rxg5 Ra2 39. Ra5 Rf2 40. Rf5+ Ke6 41. Rf8 Ra2 42. Re8+ Kd5 43.
Re3 Kd4 44. Re4+ Kc3 45. Kd1 Kd3 46. Ke1 Rxa3 47. Kf2 1-0

[Event "V Muhamedzjanov Memorial"]
[Site "Naberezhnye Chelny"]
[Date "2008.06.16"]
[Round "8"]
[White "Solodovnichenko, Yuri"]
[Black "Markosian, David"]
[Result "1-0"]
[ECO "B07"]
[WhiteElo "2537"]
[BlackElo "2501"]
[PlyCount "65"]
[EventDate "2008.06.16"]
[TimeControl "180"]

{48MB, Shredder9.ctg, COMPUTER} 1. e4 d6 2. d4 g6 3. Nc3 Bg7 4. Be3 Nf6 5. Qd2
Nc6 6. Bb5 O-O 7. Nge2 Bd7 8. Bh6 e5 9. Bxg7 Kxg7 10. O-O-O exd4 11. Nxd4 Re8
12. f3 Nxd4 13. Qxd4 Bc6 14. h4 Kg8 15. g4 Qe7 16. Bxc6 bxc6 17. h5 g5 18. h6
Qe5 19. Qc4 c5 20. Kb1 Rab8 21. a3 Rb7 22. Rd3 Qe6 23. Nd5 Nd7 24. Qa6 Reb8 25.
Rb3 Rxb3 26. cxb3 Rxb3 27. Qc8+ Nf8 28. Qd8 f6 29. Qxc7 Qf7 30. Qxd6 Rxf3 31.
Qxc5 Qb7 32. Qc4 Qf7 33. Ne7+ 1-0

[Event "V Muhamedzjanov Memorial"]
[Site "CCC"]
[Date "2008.06.17"]
[Round "9"]
[White "Dimukhametov, Artur"]
[Black "Solodovnichenko, Yuri"]
[Result "1/2-1/2"]
[ECO "A58"]
[WhiteElo "2295"]
[BlackElo "2537"]
[PlyCount "72"]
[TimeControl "180"]

{48MB, Shredder9.ctg, COMPUTER} 1. d4 Nf6 2. c4 c5 3. d5 b5 4. cxb5 a6 5. bxa6
g6 6. Nc3 Bxa6 7. f4 Qa5 8. Bd2 Bg7 9. Nf3 O-O 10. e4 Bxf1 11. Rxf1 d6 12. e5
dxe5 13. fxe5 Ng4 14. Qe2 Qa6 15. Qe4 f5 16. exf6 Nxf6 17. Qe6+ Qxe6+ 18. dxe6
Ra6 19. O-O-O Rxe6 20. Rfe1 Rxe1 21. Rxe1 Nc6 22. Re6 Rc8 23. Ne5 Nxe5 24. Rxe5
Kf7 25. Nd5 Nxd5 26. Rxd5 Bd4 27. Rd7 Ke6 28. Rb7 Rf8 29. a4 Rf1+ 30. Kc2 Rf2
31. Kd3 Kd5 32. Rd7+ Ke6 33. Rb7 Kd5 34. Rd7+ Kc6 35. Rxe7 Bxb2 36. Bc3 Rxg2
1/2-1/2

[Event "V Muhamedzjanov Memorial"]
[Site "CCC"]
[Date "2008.06.17"]
[Round "9"]
[White "Markosian, David"]
[Black "Potapov, Pavel"]
[Result "1/2-1/2"]
[ECO "B33"]
[WhiteElo "2501"]
[BlackElo "2439"]
[PlyCount "22"]
[TimeControl "180"]

{48MB, Shredder9.ctg, COMPUTER} 1. e4 c5 2. Nf3 Nc6 3. d4 cxd4 4. Nxd4 Nf6 5.
Nc3 e5 6. Ndb5 d6 7. Bg5 a6 8. Na3 b5 9. Nd5 Qa5+ 10. Bd2 Qd8 11. Bg5 Qa5+
1/2-1/2

[Event "V Muhamedzjanov Memorial"]
[Site "CCC"]
[Date "2008.06.17"]
[Round "9"]
[White "Ponkratov, Pavel"]
[Black "Komliakov, Viktor"]
[Result "1-0"]
[ECO "B06"]
[WhiteElo "2499"]
[BlackElo "2444"]
[PlyCount "51"]
[TimeControl "180"]

{48MB, Shredder9.ctg, COMPUTER} 1. e4 g6 2. h4 d5 3. exd5 Qxd5 4. Nc3 Qd8 5. h5
Bg7 6. Bc4 Nc6 7. Nf3 Nh6 8. d4 Bg4 9. d5 Bxf3 10. Qxf3 Ne5 11. Bb5+ c6 12. Qe4
f5 13. Qe2 Nhf7 14. dxc6 Nxc6 15. Bd2 O-O 16. Bxc6 bxc6 17. O-O-O Rb8 18. hxg6
hxg6 19. b3 Qa5 20. Rh3 Rfd8 21. Qxe7 Rxd2 22. Rxd2 Bxc3 23. Rd7 Rf8 24. Qh4
Kg7 25. Qh6+ Kf6 26. Qxf8 1-0

[Event "V Muhamedzjanov Memorial"]
[Site "CCC"]
[Date "2008.06.18"]
[Round "10"]
[White "Solodovnichenko, Yuri"]
[Black "Ponkratov, Pavel"]
[Result "1/2-1/2"]
[ECO "C63"]
[WhiteElo "2537"]
[BlackElo "2499"]
[PlyCount "60"]
[TimeControl "180"]

{48MB, Shredder9.ctg, COMPUTER} 1. e4 e5 2. Nf3 Nc6 3. Bb5 f5 4. Nc3 fxe4 5.
Nxe4 Nf6 6. Nxf6+ Qxf6 7. Qe2 Be7 8. Bxc6 dxc6 9. Nxe5 Bf5 10. d4 O-O-O 11. Be3
c5 12. O-O-O cxd4 13. Bxd4 Qg5+ 14. Kb1 Qxg2 15. Rhg1 Qd5 16. Nc4 Qe6 17. Ne3
Bf6 18. Bxf6 gxf6 19. Qb5 Bg6 20. Qa5 Kb8 21. Qc3 Rhe8 22. b3 b6 23. Kc1 Rd6
24. Nc4 Rxd1+ 25. Rxd1 Qc6 26. Kb2 Kb7 27. Rd2 a5 28. a4 Re4 29. Rd8 Ka7 30.
Rd4 Re2 1/2-1/2

[Event "V Muhamedzjanov Memorial"]
[Site "CCC"]
[Date "2008.06.18"]
[Round "10"]
[White "Potapov, Pavel"]
[Black "Dimukhametov, Artur"]
[Result "1-0"]
[ECO "C01"]
[WhiteElo "2439"]
[BlackElo "2295"]
[PlyCount "107"]
[TimeControl "180"]

{48MB, Shredder9.ctg, COMPUTER} 1. e4 e6 2. d4 d5 3. exd5 exd5 4. c4 Nf6 5. Nf3
Be6 6. Nc3 Be7 7. Be2 O-O 8. O-O Nc6 9. b3 Ne4 10. Bb2 Nxc3 11. Bxc3 Bf6 12.
Qd2 Qd6 13. Rad1 Rad8 14. Rfe1 Rfe8 15. a4 b6 16. c5 Qf8 17. Bb5 Bd7 18. cxb6
cxb6 19. Bxc6 Bxc6 20. Bb4 Be7 21. Rxe7 Rxe7 22. Rc1 Bd7 23. Rc7 a5 24. Bxe7
Qxe7 25. Qc3 f6 26. h3 Qd6 27. Ne1 Re8 28. Nc2 Qe6 29. Qg3 Rc8 30. Rxc8+ Bxc8
31. Qc7 Bd7 32. Ne3 Qc6 33. Qd8+ Kf7 34. g4 Kg6 35. h4 h5 36. gxh5+ Kxh5 37.
Qg8 Kh6 38. h5 Kxh5 39. Qh7+ Kg5 40. Qxg7+ Kf4 41. Qh7 Kf3 42. Qd3 Qc1+ 43.
Nf1+ Kf4 44. Kg2 Qe1 45. Qf3+ Kg5 46. Qxd5+ Bf5 47. Ne3 Qb1 48. Nxf5 Qxf5 49.
Qxf5+ Kxf5 50. Kf3 Ke6 51. Ke4 Kd6 52. Kf5 Kd5 53. Kxf6 Kxd4 54. f4 1-0